 Dungeon Crawl Stone Soup version 0.30-a0-161-gdd60e06945 (webtiles) character file.

Game seed: 8062478850305559369

266 qw the Chopper (level 6, -4/38 HPs)
             Began as a Gargoyle Fighter on Sept 27, 2022.
             Was an Initiate of Okawaru.
             Slain by a gnoll
             ... wielding a +0 trident
             ... led by a gnoll bouda
              (8 damage)
             ... on level 4 of the Dungeon.
             The game lasted 00:01:19 (2983 turns).

qw the Chopper (Gargoyle Fighter)                   Turns: 2983, Time: 00:01:19

Health: -4/38      AC: 15    Str: 26    XL:     6   Next: 20%
Magic:  6/6        EV:  7    Int:  9    God:    Okawaru [......]
Gold:   136        SH:  4    Dex:  9    Spells: 5/5 levels left

rFire   . . .      SeeInvis .    Y - +0 war axe
rCold   . . .      Faith    .    c - +0 buckler
rNeg    + . .      Spirit   .    n - +0 chain mail
rPois   inf        Reflect  .    (no helmet)
rElec   +          Harm     .    (no cloak)
rCorr   .          Rampage  .    l - +1 pair of gloves "Loshots" {Str+5 Stlth-}
Will    .....                    (no boots)
Stlth   ..........               (no amulet)
HPRegen 0.12/turn                (no ring)
MPRegen 0.10/turn                (no ring)

@: weakened
A: sickness immunity, AC +4, negative energy resistance 1, electricity
resistance, torment resistance 1, petrification resistance
a: Renounce Religion


You were on level 4 of the Dungeon.
You worshipped Okawaru.
Okawaru was noncommittal.
You visited 1 branch of the dungeon, and saw 4 of its levels.

You collected 182 gold pieces.
You spent 46 gold pieces at shops.


Innate Abilities, Weirdness & Mutations

You are immune to sickness and miasma.
Your stone body is resilient. (AC +4)
You are immune to poison.
You resist negative energy. (rN+)
You are resistant to electric shocks. (rElec)
You are resistant to unholy torment.
You are immune to petrification.


   Skills:
 - Level 4.1 Fighting
 + Level 5.3 Axes
 - Level 3.2 Armour
 - Level 3.2 Shields


You had 5 spell levels left.
You didn't know any spells.
Your spell library was empty.

Inventory:

Hand Weapons
 j - a +0 whip
 Y - a +0 war axe (weapon)
Missiles
 h - 2 boomerangs (quivered)
Armour
 c - a +0 buckler (worn)
 l - the +1 pair of gloves "Loshots" (worn) {Str+5 Stlth-}
   (You found it on level 2 of the Dungeon)

   Str:       It affects your strength (+5).
   Stlth:     It makes you less stealthy.
 n - a +0 chain mail (worn)
Scrolls
 g - a scroll of identify
Potions
 a - a potion of attraction {unknown}
 b - a potion of resistance {unknown}
 d - 2 potions of might
 e - 2 potions of curing
 f - a potion of invisibility {unknown}
 k - a potion of flight {unknown}
 m - a potion of degeneration {unknown}

Dungeon Overview and Level Annotations

Branches:
Dungeon (4/15)
 Temple: D:4-7

Altars:
Dithmenos
Elyvilon
Makhleb
Okawaru
Qazlal
Trog
Wu Jian

Shops:
D:2 *


Message History

The ball python hisses angrily.
You hit the gnoll.
You kill the gnoll!
Okawaru accepts your kill.
You barely miss the gnoll bouda. You block the gnoll's attack.
The gnoll bouda hits you with a +0 club.
The gnoll hits you from afar with a +0 trident.
You closely miss the gnoll bouda.
The gnoll bouda hits you but does no damage.
The gnoll hits you from afar with a +0 trident.
You hit the gnoll bouda.
The gnoll bouda is lightly wounded.
The gnoll bouda gazes fiercely through you!
You feel your attacks grow feeble.
The gnoll bouda hits you but does no damage.
You block the gnoll's attack. The gnoll bouda closely misses you.
You barely miss the gnoll bouda.
The gnoll bouda is lightly wounded.
You block the gnoll's attack. The gnoll bouda barely misses you.
The gnoll hits you from afar with a +0 trident.
You barely miss the gnoll bouda.
The gnoll bouda is lightly wounded.
You slash the ball python!
You kill the ball python!
Okawaru accepts your kill.
The gnoll bouda hits you but does no damage.
The gnoll hits you from afar with a +0 trident.
You completely miss the gnoll bouda.
The gnoll bouda is lightly wounded.
The gnoll bouda hits you but does no damage.
The gnoll barely misses you.
You closely miss the gnoll bouda.
The gnoll bouda is lightly wounded.
The gnoll is no longer moving quickly.
The gnoll bouda barely misses you. The gnoll hits you but does no damage.
The gnoll bouda barely misses you.
You barely miss the gnoll bouda.
The gnoll bouda is lightly wounded.
The gnoll hits you from afar with a +0 trident!
You die...

.......... #.........
#..................
#..................
#..<...............
.g................
#g)....# ........ #@#
#..... # #.## #.#...
#. #..# #[....
#..####.# #.....
#......# ## #.....
#......####.#####.....
#.....................
#.......###...###.....
#...........#..##.....


You could see a gnoll bouda and a gnoll.

Vanquished Creatures
  A hound (D:4)
  Ijyb (D:3)
  2 scorpion zombies (D:3)
  A hound skeleton (D:3)
  Robin (D:4)
  2 gnolls (D:4)
  2 adders (D:3)
  An adder skeleton (D:3)
  2 dart slugs (D:2)
  6 orcs (D:3)
  10 ball pythons
  5 endoplasms
  3 giant cockroaches (D:3)
  17 goblins
  8 hobgoblins
  4 jackals (D:1)
  6 kobolds
  A quokka (D:2)
  A ball python zombie (D:3)
  8 bats
  A frilled lizard (D:3)
  A hobgoblin zombie (D:4)
  A kobold zombie (D:4)
  A quokka zombie (D:3)
  5 rats
91 creatures vanquished.

Vanquished Creatures (others)
  A withered plant (D:3)
1 creature vanquished.

Grand Total: 92 creatures vanquished

Notes
Turn   | Place    | Note
-------+----------+-------------------------------------------
     0 | D:1      | qw the Gargoyle Fighter began the quest for the Orb.
     0 | D:1      | Reached XP level 1. HP: 14/14 MP: 1/1
     0 | D:1      | 0 ||| qw: Version: 0.2-a-10-g37ed214
     0 | D:1      | 0 ||| qw: Game counter: 624
     0 | D:1      | 0 ||| qw: Always use a shield: true
     0 | D:1      | 0 ||| qw: God list: Okawaru
     0 | D:1      | 0 ||| qw: Allow faded altars: false
     0 | D:1      | 0 ||| qw: Do Orc after D:15 true
     0 | D:1      | 0 ||| qw: Do second Lair branch before Depths: true
     0 | D:1      | 0 ||| qw: Lair rune preference: random
     0 | D:1      | 0 ||| qw: Plans: Normal, Zot:1-4, God:TSO, Crypt, Tomb,
                  | Pan, Slime:5, Hells, Abyss, Orb
     0 | D:1      | 0 ||| PLANNING D:1-11
   155 | D:1      | Reached skill level 2 in Axes
   271 | D:1      | Found a faded altar of an unknown god.
   339 | D:1      | Reached XP level 2. HP: 19/19 MP: 2/2
   684 | D:1      | 684 ||| READING scroll labelled YRCHUI CUCRAN.
   711 | D:2      | Identified the amulet of Durghaat {Spirit rPois}
   720 | D:2      | Reached skill level 3 in Axes
   743 | D:2      | Reached XP level 3. HP: 21/23 MP: 3/3
   837 | D:2      | Found a shadowy altar of Dithmenos.
   840 | D:2      | 840 ||| DROPPING +0 club.
   863 | D:2      | 863 ||| Stepping ~*~*~tactically~*~*~ (hiding).
   972 | D:2      | Found Isiyr's Assorted Antiques.
   988 | D:2      | 988 ||| SHOPLISTING flail (91 gold, have 75).
   988 | D:2      | 988 ||| BUYING glowing emerald potion (23 gold).
   988 | D:2      | Bought a glowing emerald potion for 23 gold pieces
   988 | D:2      | 988 ||| BUYING viscous inky potion (23 gold).
   988 | D:2      | Bought a viscous inky potion for 23 gold pieces
  1038 | D:2      | 1038 ||| Stepping ~*~*~tactically~*~*~ (stealth).
  1140 | D:2      | Identified the +1 pair of gloves "Loshots" {Str+5 Stlth-}
  1504 | D:2      | 1504 ||| UPGRADING to +1 pair of gloves "Loshots" {Str+5
                  | Stlth-}.
  1509 | D:2      | 1509 ||| UPGRADING to +0 chain mail.
  1519 | D:2      | 1519 ||| DROPPING +0 scale mail.
  1520 | D:2      | 1520 ||| UPGRADING to amulet of Durghaat {Spirit rPois}.
  1525 | D:2      | 1525 ||| READING 2 scrolls labelled NAKEUL QEMEKLYXKU.
  1528 | D:2      | 1528 ||| READING 3 scrolls labelled CERPHO HYIP.
  1529 | D:2      | 1529 ||| READING scroll labelled RYEWNU XOUMERPH.
  1530 | D:2      | 1530 ||| READING scroll labelled ANACSI JUSTRU.
  1531 | D:2      | 1531 ||| DRINKING 2 cyan potions.
  1532 | D:2      | 1532 ||| DROPPING 2 scrolls of immolation.
  1545 | D:3      | Reached XP level 4. HP: 28/28 MP: 4/4
  1563 | D:3      | Reached skill level 4 in Axes
  1759 | D:3      | Reached XP level 5. HP: 29/32 MP: 5/5
  1792 | D:3      | 1792 ||| Stepping ~*~*~tactically~*~*~ (stealth).
  2027 | D:3      | Noticed Ijyb
  2029 | D:3      | Paralysed by Ijyb for 5 turns
  2036 | D:3      | Paralysed by Ijyb for 2 turns
  2044 | D:3      | Killed Ijyb
  2045 | D:3      | Reached skill level 5 in Axes
  2061 | D:3      | Found a bloodstained altar of Trog.
  2069 | D:3      | Found a white marble altar of Elyvilon.
  2074 | D:3      | Found an ornate altar of the Wu Jian Council.
  2081 | D:3      | Found an iron altar of Okawaru.
  2082 | D:3      | 2082 ||| PLANNING OKAWARU WORSHIP
  2082 | D:3      | 2082 ||| READING scroll labelled ESEGEURUXO.
  2087 | D:3      | Became a worshipper of Warmaster Okawaru
  2088 | D:3      | 2088 ||| PLANNING D:1-11
  2088 | D:3      | 2088 ||| REMOVING amulet of Durghaat {Spirit rPois}.
  2098 | D:3      | Found a shadowy altar of Dithmenos.
  2109 | D:3      | Found a burning altar of Makhleb.
  2116 | D:3      | Found a stormy altar of Qazlal.
  2475 | D:3      | 2475 ||| Stepping ~*~*~tactically~*~*~ (stealth).
  2559 | D:3      | 2559 ||| DROPPING amulet of Durghaat {Spirit rPois}.
  2605 | D:4      | 2605 ||| PLANNING OSSUARY
  2606 | D:4      | 2606 ||| Stepping ~*~*~tactically~*~*~ (stealth).
  2608 | D:4      | 2608 ||| Stepping ~*~*~tactically~*~*~ (stealth).
  2609 | D:4      | 2609 ||| Stepping ~*~*~tactically~*~*~ (stealth).
  2609 | D:4      | Noticed Robin
  2610 | D:4      | 2610 ||| Stepping ~*~*~tactically~*~*~ (hiding).
  2620 | D:4      | Reached XP level 6. HP: 29/38 MP: 6/6
  2627 | D:4      | Killed Robin
  2628 | D:4      | HP: 9/38 [goblin/+0 club[Robin] (3)]
  2629 | D:4      | 2629 ||| READING scroll of teleportation.
  2964 | D:4      | 2964 ||| Stepping ~*~*~tactically~*~*~ (hiding).
  2977 | D:4      | HP: 8/38 [gnoll/+0 trident[a gnoll bouda] (2)]
  2983 | D:4      | Slain by a gnoll

Levels and vault maps discovered:
D:1:      ebering_trefoil_twist, layout_loops_ring,
          chequers_ecumenical_altar_simple_redux
D:2:      layout_basic, serial_shops, nicolae_shop_hallway_stairs, basic_altar
D:3:      layout_loops_corners, grunt_temple_overflow_octagram, serial_undead,
          serial_undead_d, serial_undead_c, serial_undead_c, serial_undead_a,
          chequers_serial_rivers_marsh, uniq_ijyb
D:4:      layout_rooms, nicolae_ossuary_entry_giza, minmay_ruptured, uniq_robin

Skill      XL: |  1  2  3  4  5 |
---------------+----------------+-----
Axes           | 2 3 4 5 |  5.3
Fighting       | 4 |  4.1
Armour         | |  3.2
Shields        | |  3.2

Action                   |  1- 3 |  4- 6 || total
-------------------------+-------+-------++-------
Melee: War axe           |   142 |   140 ||   282
Throw: Boomerang         |       |    20 ||    20
  Use: Scroll            |     5 |     2 ||     7
       Potion            |     1 |       ||     1
Armor: Scale mail        |    98 |       ||    98
       Chain mail        |     4 |   107 ||   111
Dodge: Dodged            |    79 |    55 ||   134
Block: Buckler           |    17 |    34 ||    51

Table legend:
 A = Non-vault XP
 B = Vault XP
 C = Vault XP percentage of total XP
 D = Non-vault monster count
 E = Vault monster count
 F = Vault count percentage of total count
                 A         B        C        D         E       F
            +---------+---------+-------+---------+---------+-------
      Total |     172 |     208 |  54.7 |      68 |      23 |  25.3
            +---------+---------+-------+---------+---------+-------
        D:1 |      27 |       0 |   0.0 |      15 |       0 |   0.0
        D:2 |      39 |       0 |   0.0 |      21 |       0 |   0.0
        D:3 |      76 |     130 |  63.1 |      28 |       7 |  20.0
        D:4 |      30 |      78 |  72.2 |       4 |      16 |  80.0
            +---------+---------+-------+---------+---------+-------
